 Dungeon Crawl Stone Soup version 0.29.0-4-gdea44cf6ec (webtiles) character file.

Game seed: 8497225849688753891

10 qw the Caller (level 2, 0/23 HPs)
             Began as a Ghoul Summoner on Sept 10, 2022.
             Slain by a jackal (1 damage)
             ... on level 1 of the Dungeon.
             The game lasted 00:00:11 (626 turns).

qw the Caller (Ghoul Summoner)                       Turns: 626, Time: 00:00:11

Health: 0/23       AC:  2    Str: 11    XL:     2   Next: 20%
Magic:  0/3        EV: 12    Int: 10    God:
Gold:   30         SH:  0    Dex:  9    Spells: 3/4 levels left

rFire   . . .      SeeInvis .   e - +0 whip
rCold   + . .      Faith    .   (no shield)
rNeg    + + +      Spirit   .   a - +0 robe
rPois   inf        Reflect  .   (no helmet)
rElec   .          Harm     .   (no cloak)
rCorr   .          Rampage  .   (no gloves)
Will    .....                   (no boots)
Stlth   ++........              (no amulet)
HPRegen 0.00/turn               (no ring)
MPRegen 0.08/turn               (no ring)

@: inhibited regen
A: claws 1, cold resistance 1, negative energy resistance 3, inhibited
regeneration, torment resistance 2, devour on kill
a: no special abilities


You were on level 1 of the Dungeon.
You visited 1 branch of the dungeon, and saw 1 of its levels.

You collected 30 gold pieces.


Innate Abilities, Weirdness & Mutations

You are immune to poison.
You have sharp fingernails.
Your flesh is cold resistant. (rC+)
You are immune to negative energy. (rN+++)
You do not regenerate when monsters are visible.
You are immune to unholy pain and torment.
You thrive by killing the living.


   Skills:
 - Level 1.1 Fighting
 + Level 1.1 Axes
 - Level 1.7 Dodging
 - Level 2.1 Stealth
 - Level 1.7 Spellcasting
 - Level 3.6 Summonings


You had 3 spell levels left.
You knew the following spells:

 Your Spells              Type           Power      Damage    Failure   Level
a - Summon Small Mammal   Summ           32%        N/A       8%          1

Your spell library contained the following spells:

 Spells                   Type           Power      Damage    Failure   Level
 Call Imp                 Summ           8%         N/A       11%         2
 Call Canine Familiar     Summ           8%         N/A       22%         3
 Summon Guardian Golem    Hex/Summ       4%         N/A       43%         3
 Summon Lightning Spire   Summ/Air       4%         N/A       83%         4

Inventory:

Hand Weapons
 e - a +0 whip (weapon)
Armour
 a - a +0 robe (worn)
 d - a +1 helmet
Jewellery
 c - an amulet of the acrobat
Potions
 b - a potion of magic

Dungeon Overview and Level Annotations

Branches:
Dungeon (1/15)

Altars:


Message History

The jackal bites you. The jackal completely misses you.
The jackal bites you but does no damage.
You hit the jackal.
The jackal is moderately wounded.
The jackal closely misses you. The jackal barely misses you.
The jackal bites you. The jackal closely misses you. x2
You closely miss the jackal.
The jackal is moderately wounded.
The jackal barely misses you. The jackal bites you. x3
You hit the jackal.
The jackal is almost dead.
The jackal bites you but does no damage.
The jackal barely misses you. The jackal bites you.
The jackal closely misses you. The jackal bites you.
You hit the jackal.
You kill the jackal!
The jackal barely misses you. The jackal bites you. x2
Your magical contamination has completely faded away.
You closely miss the giant cockroach.
Your bat disappears in a puff of smoke!
The giant cockroach barely misses you. The jackal barely misses you.
The jackal closely misses you. The giant cockroach closely misses you.
The jackal bites you.
You closely miss the giant cockroach. The jackal bites you.
The jackal closely misses you. The giant cockroach closely misses you.
The jackal barely misses you.
You closely miss the giant cockroach. Your claw misses the giant cockroach.
The jackal completely misses you. The jackal bites you.
The giant cockroach barely misses you. The jackal bites you.
You closely miss the giant cockroach. The jackal misses you.
The giant cockroach barely misses you. The jackal barely misses you.
The jackal closely misses you.
The giant cockroach bites you but does no damage.
You closely miss the giant cockroach.
The jackal barely misses you. x2; The giant cockroach misses you.
626 ||| CASTING Summon Small Mammal
Casting: Summon Small Mammal (safe; 8% risk of failure)
Confirm with . or Enter, or press ? or * to list all spells.
The jackal bites you.
You die...

.. ... .. ... ..
.... .#..... .#.....
.b.....
#############BK.....
#..........b@hg....#
#.###########h.....#
#.# ...?..# #.#
......# #.# ......#
####### #.# ......#
#...... #.# ......#
#.##### #.# ......#
#.# # #.# #.# #


You could see 2 jackals, a giant cockroach (ally target), a hobgoblin, a kobold
and 2 friendly bats.

Vanquished Creatures
  A ball python (D:1)
  2 endoplasms (D:1)
  A goblin (D:1)
  A jackal (D:1)
  A kobold (D:1)
6 creatures vanquished.

Vanquished Creatures (collateral kills)
  A bat (D:1)
  A giant cockroach (D:1)
2 creatures vanquished.

Grand Total: 8 creatures vanquished

Notes
Turn   | Place    | Note
-------+----------+-------------------------------------------
     0 | D:1      | qw the Ghoul Summoner began the quest for the Orb.
     0 | D:1      | Reached XP level 1. HP: 14/14 MP: 2/2
     0 | D:1      | 0 ||| qw: Version: 0.1-a-116-g5d60599
     0 | D:1      | 0 ||| qw: Game counter: 7619
     0 | D:1      | 0 ||| qw: Always use a shield: true
     0 | D:1      | 0 ||| qw: God list: Okawaru
     0 | D:1      | 0 ||| qw: Allow faded altars: false
     0 | D:1      | 0 ||| qw: Do Orc after D:15 true
     0 | D:1      | 0 ||| qw: Do second Lair branch before Depths: true
     0 | D:1      | 0 ||| qw: Lair rune preference: random
     0 | D:1      | 0 ||| qw: Plans: Normal
     0 | D:1      | 0 ||| PLANNING D:1-11
    52 | D:1      | 52 ||| CASTING Summon Small Mammal
    53 | D:1      | 53 ||| CASTING Summon Small Mammal
    78 | D:1      | 78 ||| CASTING Summon Small Mammal
    79 | D:1      | 79 ||| CASTING Summon Small Mammal
   113 | D:1      | 113 ||| Wielding weapon +0 short sword.
   126 | D:1      | 126 ||| CASTING Summon Small Mammal
   127 | D:1      | 127 ||| CASTING Summon Small Mammal
   130 | D:1      | Reached skill level 1 in Axes
   158 | D:1      | 158 ||| CASTING Summon Small Mammal
   159 | D:1      | 159 ||| CASTING Summon Small Mammal
   171 | D:1      | 171 ||| CASTING Summon Small Mammal
   178 | D:1      | HP: 3/15 [frozen (1)]
   180 | D:1      | HP: 1/15 [bat (1)]
   182 | D:1      | 182 ||| CASTING Summon Small Mammal
   184 | D:1      | Reached XP level 2. HP: 2/22 MP: 0/3
   186 | D:1      | Reached skill level 1 in Fighting
   486 | D:1      | 486 ||| SWAPPING to +0 whip.
   487 | D:1      | 487 ||| DROPPING +0 short sword.
   601 | D:1      | 601 ||| CASTING Summon Small Mammal
   602 | D:1      | 602 ||| CASTING Summon Small Mammal
   603 | D:1      | 603 ||| CASTING Summon Small Mammal
   614 | D:1      | 614 ||| CASTING Summon Small Mammal
   621 | D:1      | HP: 5/23 [jackal (3)]
   623 | D:1      | HP: 1/23 [jackal (2)]
   626 | D:1      | 626 ||| CASTING Summon Small Mammal
   626 | D:1      | Slain by a jackal

Levels and vault maps discovered:
D:1:      ncdulo_wetmaze, layout_basic

Skill      XL: |  1  2 |
---------------+-------+-----
Axes           | 1 |  1.1
Fighting       | 1 |  1.1
Dodging        | |  1.7
Stealth        | |  2.1
Spellcasting   | |  1.7
Summonings     | |  3.6

Action                   || total
-------------------------++-------
Melee: Short sword       ||    15
       Unarmed           ||     4
       Whip              ||    11
 Cast: Summon Small Mamm ||    13
Armor: Robe              ||    12
Dodge: Dodged            ||    45

Table legend:
 A = Non-vault XP
 B = Vault XP
 C = Vault XP percentage of total XP
 D = Non-vault monster count
 E = Vault monster count
 F = Vault count percentage of total count
                 A         B        C        D         E       F
            +---------+---------+-------+---------+---------+-------
      Total |      15 |       0 |   0.0 |       8 |       0 |   0.0
            +---------+---------+-------+---------+---------+-------
        D:1 |      15 |       0 |   0.0 |       8 |       0 |   0.0
            +---------+---------+-------+---------+---------+-------
